 Dungeon Crawl Stone Soup version 0.22.1-1-ga44c0e5 (webtiles) character file.

31 Anon1729 the Digger (level 3, 0/15 HPs)
             Began as a Felid Earth Elementalist on Nov 8, 2018.
             Slain by a quokka (4 damage)
             ... on level 2 of the Dungeon.
             The game lasted 00:01:20 (1086 turns).

Anon1729 the Digger (Felid Earth Elementalist)      Turns: 1086, Time: 00:01:20

Health: 0/15       AC:  1    Str:  4    XL:     3   Next: 7%
Magic:  7/7        EV: 18    Int: 17    God:
Gold:   63         SH:  0    Dex: 16    Spells: 5/6 levels left
                                        Lives:  0   Deaths: 0

rFire    . . .     SeeInvis +   (weapon unavailable)
rCold    . . .     Gourm    .   (shield unavailable)
rNeg     . . .     Faith    .   (armour unavailable)
rPois    .         Spirit   .   (helmet unavailable)
rElec    .         Reflect  .   (cloak unavailable)
rCorr    .         Harm     .   (gloves unavailable)
MR       .....                  (boots unavailable)
Stlth    +++.......             (no amulet)
HPRegen  0.05/turn              (no ring)
MPRegen  0.10/turn              (no ring)

@: quick
A: very small, no armour, no weapons or thrown items, stealth, claws 1, fangs 3,
see invisible, carnivore, speed 1, shaggy fur 1, slow metabolism 1, sharp paws
a: no special abilities


You were on level 2 of the Dungeon.
You were very full.

You visited 1 branch of the dungeon, and saw 2 of its levels.

You collected 63 gold pieces.

Inventory:

Missiles
 b - 76 stones
Scrolls
 a - a scroll of amnesia {unknown}
 e - a scroll of teleportation {unknown}
 h - a scroll of identify {unknown}
 i - a scroll of remove curse {unknown}
Potions
 d - 2 potions of degeneration {unknown}
 f - 2 potions of lignification {unknown}
 g - a potion of curing {unknown}
 j - a potion of brilliance {unknown}
Comestibles
 c - 4 rations


   Skills:
 + Level 0.6 Fighting
 + Level 3.0 Dodging
 + Level 3.0 Stealth
 + Level 0.6 Unarmed Combat
 * Level 2.4 Spellcasting
   Level 1.1 Transmutations
 * Level 3.0 Earth Magic


You had 5 spell levels left.
You knew the following spells:

 Your Spells              Type           Power        Failure   Level  Hunger
a - Sandblast             Erth           ##....       5%          1    #......

Your spell library contained the following spells:

 Spells                   Type           Power        Failure   Level  Hunger
 Passwall                 Tmut/Erth      #.......     12%         2    ##.....
 Stone Arrow              Conj/Erth      #.....       30%         3    ###....
 Petrify                  Tmut/Erth      #.......     61%         4    #####..
 Lee's Rapid Deconstruct  Erth           ##........   82%         5    ######.


Dungeon Overview and Level Annotations

Branches:
Dungeon (2/15)

Altars:


Innate Abilities, Weirdness & Mutations

You cannot wear armour.
You are incapable of wielding weapons or throwing items.
Your paws allow you to move quietly. (Stealth)
You have sharp claws.
You have razor-sharp teeth.
You have supernaturally acute eyesight. (SInv)
You are carnivorous and can eat meat at any time.
You cover ground quickly.
You are covered in fur. (AC +1)
You have a slow metabolism.
Your sharp claws are effective at attacking unaware monsters.


Message History

Your Dodging skill increases to level 3!
You have reached level 3!
Your experience leads to an increase in your attributes!
Increase (S)trength, (I)ntelligence, or (D)exterity?
You feel clever. The quokka barely misses you.
You scratch the quokka but do no damage.
The quokka closely misses you.
You scratch the quokka but do no damage.
The quokka bites you. The quokka barely misses you.
You scratch the quokka but do no damage.
The quokka closely misses you.
You miss the quokka. The quokka bites you.
You barely miss the quokka. The quokka misses you.
You barely miss the quokka. Your bite misses the quokka.
The quokka closely misses you.
You closely miss the quokka. The quokka bites you.
* * * LOW HITPOINT WARNING * * *
The quokka bites you.
You die...

#.....# ##### ###...#
#... # #...###.####
###%##### ##...........
....#...###....)......#
####.....†..............
.....$..................
#..........######....#
#....@.....# #.....
.......r...$.# #..#..
####.........# #..#.#
+........># #..#.#
#.........# #..#.#
#.........# #....#
#.........# ##.###
#.........# #...< #####


You could see a quokka.

Vanquished Creatures
  An ooze (D:2)
  A worm (D:2)
  A dart slug (D:1)
  A leopard gecko (D:1)
  5 goblins (D:1)
  2 hobgoblins (D:1)
  A ball python (D:1)
  4 bats
  3 frilled lizards
  A kobold (D:1)
  A rat (D:1)
21 creatures vanquished.

Notes
Turn   | Place    | Note
-------+----------+-------------------------------------------
     0 | D:1      | Anon1729 the Felid Earth Elementalist began the quest for
                  | the Orb.
     0 | D:1      | Reached XP level 1. HP: 7/7 MP: 4/4
     2 | D:1      | Noticed a draconian
     4 | D:1      | Noticed a minotaur
     6 | D:1      | Noticed a centaur
     6 | D:1      | Noticed a vine stalker
     8 | D:1      | Noticed a dwarf
     8 | D:1      | Noticed a human
    10 | D:1      | Noticed a felid
    10 | D:1      | Noticed a halfling
    12 | D:1      | Noticed an elf
    12 | D:1      | Noticed a tengu
    14 | D:1      | Noticed an octopode
    14 | D:1      | Noticed an ogre
    16 | D:1      | Noticed a demigod
    16 | D:1      | Noticed a merfolk
    18 | D:1      | Noticed a naga
    20 | D:1      | Noticed a ghoul
    20 | D:1      | Noticed a spriggan
    22 | D:1      | Noticed a troll
    22 | D:1      | Noticed a formicid
    24 | D:1      | Noticed a vampire
    24 | D:1      | Noticed a gargoyle
    26 | D:1      | Noticed a demonspawn
   301 | D:1      | Reached XP level 2. HP: 11/11 MP: 6/6
  1079 | D:2      | Reached XP level 3. HP: 10/15 MP: 7/7
  1086 | D:2      | Slain by a quokka

Skill      XL: |  1  2 |
---------------+-------+-----
Earth Magic    | 3 |  3.0
Stealth        | 3 |  3.0
Dodging        | 3 |  3.0
Fighting       | |  0.6
Unarmed Combat | |  0.6
Spellcasting   | |  2.4
Transmutations | |  1.1

Action                   || total
-------------------------++-------
Melee: Unarmed           ||    49
       Bite              ||     3
 Cast: Sandblast         ||     9
 Stab: Sleeping          ||     9
  Eat: Chunk             ||     7
Dodge: Dodged            ||    37
